 Dungeon Crawl Stone Soup version 0.25.1-9-gc5326a611f (webtiles) character file.

Game seed: 10626899460899035685

36246 zeroc00l the Carver (level 13, -9/81 HPs)
             Began as a Vampire Ice Elementalist on Dec 25, 2020.
             Was a High Priest of Sif Muna.
             Mangled by a spriggan rider
             ... wielding a +0 spear
              (43 damage)
             ... on level 6 of the Lair of Beasts.
             The game lasted 01:56:03 (17506 turns).

zeroc00l the Carver (Vampire Ice Elementalist)     Turns: 17506, Time: 01:56:04

Health: -9/81      AC: 12    Str: 14    XL:     13   Next: 52%
Magic:  5/26       EV: 20    Int: 22    God:    Sif Muna [*****.]
Gold:   1208       SH:  0    Dex: 15    Spells: 2/31 levels left

rFire    + . .     SeeInvis +   a - +7 scimitar (flame)
rCold    . . .     Gourm    .   K - +2 buckler
rNeg     . . .     Faith    .   E - +2 leather armour {rF+}
rPois    .         Spirit   .   f - +0 helmet
rElec    .         Reflect  .   (no cloak)
rCorr    .         Harm     .   N - +0 pair of gloves
MR       +....                  j - +0 pair of boots of a Hundred Wars {Str+5} (curse)
Stlth    ++........             w - amulet of magic regeneration
HPRegen  0.43/turn              t - +4 ring of evasion
MPRegen  0.45/turn              M - +4 ring of protection

@: lethally poisoned (-9 -> -10), sleeping, very slightly contaminated,
regenerating quickly
A: no food, fangs 3, see invisible, frail 1, strong 1, unbreathing
a: Exsanguinate, Channel Magic, Forget Spell, Divine Exegesis, Renounce Religion


You were on level 6 of the Lair of Beasts.
You worshipped Sif Muna.
Sif Muna was extremely pleased with you.
You were alive.

You visited 3 branches of the dungeon, and saw 16 of its levels.
You also visited: Gauntlet and Volcano.

You collected 1208 gold pieces.

Inventory:

Hand Weapons
 a - a +7 scimitar of flaming (weapon)
 c - a +2 vorpal falchion
Missiles
 v - 45 poisoned darts (quivered)
 A - 12 silver javelins
 B - 18 javelins
 I - 7 atropa-tipped darts
Armour
 f - a +0 helmet (worn)
 j - the cursed +0 pair of boots of a Hundred Wars (worn) {Str+5}
   (You found it in a Gauntlet)

   It affects your strength (+5).
   It has a curse placed upon it.
 E - a +2 leather armour of fire resistance (worn)
 K - a +2 buckler (worn)
 L - a +1 robe of cold resistance
 N - a +0 pair of gloves (worn)
Magical Staves
 b - an uncursed staff of cold
Jewellery
 e - an uncursed ring of protection from magic
 g - an uncursed amulet of regeneration
 t - a +4 ring of evasion (left hand)
 w - an amulet of magic regeneration (around neck)
 C - an uncursed ring of protection from fire
 M - a +4 ring of protection (right hand)
 Q - an uncursed ring of fire
Wands
 r - a wand of paralysis (9)
 y - a wand of iceblast (15)
 G - a wand of flame (11)
 H - a wand of digging (14)
 J - a wand of acid (6)
 O - a wand of disintegration (12)
Scrolls
 h - 14 scrolls of remove curse
 n - 3 scrolls of fear
 q - a scroll of holy word
 s - 4 scrolls of teleportation
 x - a scroll of brand weapon
 z - a scroll of fog
Potions
 d - a potion of might
 i - a potion of berserk rage
 k - 2 potions of flight
 l - a potion of stabbing
 m - 6 potions of lignification
 o - a potion of ambrosia
 u - a potion of heal wounds
 D - 3 potions of haste
 F - a potion of resistance
 P - 2 potions of magic
Miscellaneous
 p - a phantom mirror


   Skills:
 - Level 5.0 Fighting
 + Level 10.9 Long Blades
 - Level 7.4 Dodging
 - Level 3.0 Stealth
 - Level 4.0 Shields
 * Level 9.5 Spellcasting
 - Level 4.0 Conjurations
 - Level 6.0 Hexes
 - Level 3.1 Charms
 - Level 7.0 Summonings
 - Level 8.0 Necromancy
 - Level 8.0 Ice Magic
 - Level 4.0 Invocations
 + Level 3.4 Evocations


You had 2 spell levels left.
You knew the following spells:

 Your Spells              Type           Power        Failure   Level  Hunger
a - Freeze                Ice            ####         1%          1    N/A
b - Frozen Ramparts       Ice            #####.       1%          3    N/A
c - Ozocubu's Armour      Chrm/Ice       ####....     2%          3    N/A
d - Summon Ice Beast      Ice/Summ       #####...     3%          4    N/A
e - Hailstorm             Conj/Ice       #####...     7%          4    N/A
f - Pain                  Necr           ####         1%          1    N/A
g - Vampiric Draining     Necr           #####.....   1%          3    N/A
h - Metabolic Englaciati  Hex/Ice        #####.....   13%         5    N/A
i - Agony                 Necr           #####...     9%          5    N/A

Your spell library contained the following spells:

 Spells                   Type           Power        Failure   Level  Hunger
 Animate Skeleton         Necr           N/A          1%          1    N/A
 Summon Small Mammal      Summ           ####         1%          1    N/A
 Confusing Touch          Hex            #####...     1%          3    N/A
 Summon Guardian Golem    Hex/Summ       #####...     1%          3    N/A
 Animate Dead             Necr           N/A          3%          4    N/A
 Aura of Abjuration       Summ           #####.....   12%         5    N/A
 Gell's Gravitas          Tloc           ##........   24%         3    N/A
 Yara's Violent Unravell  Hex/Tmut       ###.......   54%         5    N/A
 Shadow Creatures         Summ           N/A          56%         6    N/A
 Petrify                  Tmut/Erth      ##......     63%         4    N/A
 Irradiate                Conj/Tmut      ###.......   69%         5    N/A
 Hydra Form               Tmut           ##........   100%        6    N/A
 Statue Form              Tmut/Erth      ##.......    100%        6    N/A
 Dragon Form              Tmut           ##........   100%        7    N/A

Dungeon Overview and Level Annotations

Branches:
Dungeon (9/15)             Temple (1/1) D:6            Lair (6/6) D:9
 Shoals (0/4) Lair:3        Snake (0/4) Lair:4        Slime (0/5) Lair:5
Volcano (visited)         Gauntlet (visited)
    Orc: D:9-12

Altars:
Ashenzari
Cheibriados
Dithmenos
Elyvilon
Fedhas
Gozag
Hepliaklqana
Kikubaaqudgha
Makhleb
Nemelex Xobeh
Okawaru
Qazlal
Ru
Sif Muna
Trog
Uskayaw
Vehumet
Wu Jian
Xom
Yredelemnul
Zin
The Shining One
Jiyva

Annotations:
D:6 exclusion: electric eel
D:8 1 runed translucent door, belegose's ghost, novice BaAs
Lair:1 exclusion: downstairs


Innate Abilities, Weirdness & Mutations

You do not eat.
Your natural rate of healing is unusually fast.
You have razor-sharp teeth.
You have supernaturally acute eyesight. (SInv)
You can survive without breathing.
You are frail. (-10% HP)
Your muscles are strong. (Str +2)


Message History

The spriggan rider hits your ice beast with a +0 spear!!
The dream sheep bites your ice beast.
Your ice beast misses the spriggan rider.
Your ice beast barely misses the dream sheep.
You feel sick.
The spriggan rider barely misses your ice beast.
The dream sheep misses your ice beast.
Your ice beast barely misses the spriggan rider.
Your ice beast hits the dream sheep.
Your ice beast freezes the dream sheep!
The dream sheep bites your ice beast.
You feel sick.
The spriggan rider hits your ice beast with a +0 spear!
Your ice beast dies!
The dream sheep bites your ice beast! The dream sheep bites your ice beast.
Your ice beast barely misses the dream sheep.
The dream sheep bites your ice beast!
Your ice beast dies!
The spriggan rider hits you from afar with a +0 spear!!!
Ouch! That really hurt!
You die...

.#...............♣...♣
#..............♣♣♣♣..♣
#..P.#P......♣♣♣ ♣♣.♣♣
........♣♣♣♣♣♣ ♣.♣♣
........♣ ♣♣♣♣♣ ♣.♣
......♣♣♣ .... ♣.♣
.....♣♣ ..♣♣♣)♣♣♣
#....♣ ♣.♣....♣ P..♣♣♣
♣.@....♣ ..†.♣
♣..♣..♣♣ ##.♣♣ ♣i♣♣♣.♣
#.♣♣ ♣♣.♣ ..♣ ..♣ ♣Yh♣
..♣ ..♣ ♣♣†Y♣ ♣.♣ .♣♣
♣.Y♣♣ .♣ ..♣ ♣..♣ ..♣
♣♣.♣


You could see a spriggan rider, a wolf and 3 dream sheep.

Vanquished Creatures
  A minotaur (Gauntlet)
  Harold (D:8)
  Fannar (Lair:2)
  Erica (D:8)
  2 thrashing horrors (Gauntlet)
  2 lindwurms (Volcano)
  A faun (shapeshifter) (Gauntlet)
  5 elephants
  2 merfolk sirens (Lair:3)
  2 molten gargoyles (Volcano)
  4 black mambas
  7 spiny frogs
  A rime drake (Lair:5)
  3 efreet (Volcano)
  6 komodo dragons
  A polar bear (Lair:6)
  8 blink frogs
  9 hippogriffs
  3 spriggans (Lair:6)
  Sigmund (D:2)
  18 yaks
  5 fire elementals (Volcano)
  3 wyverns
  3 basilisks
  2 hell hounds (Lair:1)
  14 porcupines
  7 water moccasins
  2 orc warriors
  2 sky beasts (D:6)
  An ice beast (D:9)
  4 ogres
  24 wolves
  10 centaurs
  2 boggarts (Lair:6)
  3 crocodiles
  11 bullfrogs
  2 earth elementals (Volcano)
  3 scorpions
  2 small abominations (Gauntlet)
  9 killer bees
  A howler monkey (D:6)
  6 crimson imps
  A centaur zombie (D:9)
  A bullfrog skeleton (D:7)
  8 hounds
  2 jellies
  2 centaur skeletons
  5 orc priests
  2 orc wizards
  4 iguanas
  6 worker ants
  3 hound zombies
  2 hound skeletons
  A howler monkey zombie (D:7)
  8 adders
  3 shadow imps
  An adder skeleton (D:5)
  4 dart slugs
  6 leopard geckos
  23 orcs
  A ball python (D:1)
  8 bats
  5 giant cockroaches
  11 goblins
  7 hobgoblins
  13 jackals
  3 quokkas
  A frilled lizard (D:2)
  8 kobolds
  A quokka zombie (D:6)
  8 rats
  A fire vortex (Volcano)
  A fungus (Lair:3)
345 creatures vanquished.

Vanquished Creatures (collateral kills)
  An anaconda (shapeshifter) (Gauntlet)
  2 hydras
  A two-headed ogre (D:9)
  Urug (Lair:5)
  4 elephants
  A merfolk siren (Lair:3)
  2 toenail golems (Volcano)
  A black mamba (Lair:6)
  A spiny frog (Lair:6)
  A komodo dragon (Lair:2)
  A merfolk (Lair:3)
  A polar bear (Lair:6)
  3 blink frogs (Lair:5)
  Prince Ribbit (D:8)
  A hippogriff (Lair:6)
  2 yaks
  A wyvern (Lair:2)
  2 water moccasins
  An orc warrior (D:8)
  2 wolves (Lair:3)
  2 crocodiles
  A bullfrog (Lair:3)
  2 killer bees (D:8)
  3 wights (D:7)
  4 orcs (D:8)
42 creatures vanquished.

Vanquished Creatures (others)
  14 fungi
  8 plants
  5 toadstools (D:2)
27 creatures vanquished.

Grand Total: 414 creatures vanquished

Notes
Turn   | Place    | Note
-------+----------+-------------------------------------------
     0 | D:1      | zeroc00l the Vampire Ice Elementalist began the quest for
                  | the Orb.
     0 | D:1      | Reached XP level 1. HP: 13/13 MP: 3/3
   369 | D:1      | Reached XP level 2. HP: 19/19 MP: 1/5
   747 | D:2      | Reached XP level 3. HP: 16/24 MP: 1/6
   763 | D:2      | Learned a level 3 spell: Frozen Ramparts
  1151 | D:2      | Noticed Sigmund
  1219 | D:2      | Found a sparkling altar of Nemelex Xobeh.
  1497 | D:3      | Reached XP level 4. HP: 27/30 MP: 3/7
  1502 | D:3      | Learned a level 3 spell: Ozocubu's Armour
  1568 | D:3      | Found a stormy altar of Qazlal.
  1654 | D:3      | Reached skill level 5 in Ice Magic
  1786 | D:3      | Reached skill level 1 in Charms
  1828 | D:3      | Found a glowing silver altar of Zin.
  1945 | D:3      | Reached XP level 5. HP: 36/36 MP: 7/9
  2067 | D:4      | Reached skill level 1 in Fighting
  2247 | D:4      | Reached XP level 6. HP: 43/43 MP: 7/10
  3017 | D:5      | Entered Level 5 of the Dungeon
  3208 | D:5      | Reached XP level 7. HP: 50/50 MP: 10/12
  3215 | D:5      | Learned a level 4 spell: Summon Ice Beast
  4194 | D:6      | Reached skill level 1 in Summonings
  4217 | D:6      | Reached skill level 5 in Dodging
  4217 | D:6      | Reached XP level 8. HP: 50/58 MP: 9/14
  4311 | D:6      | Found a staircase to the Ecumenical Temple.
  4406 | Temple   | Entered the Ecumenical Temple
  4614 | Temple   | Became a worshipper of Sif Muna the Loreminder
  4686 | D:6      | Found a bloodstained altar of Trog.
  4693 | D:6      | Found a sacrificial altar of Ru.
  5047 | D:7      | Got a shimmering robe
  5058 | D:7      | Identified the +1 robe of Skepticism {rC+ Str+6} (You found
                  | it on level 7 of the Dungeon)
  5076 | D:7      | Found an iron altar of Okawaru.
  5137 | D:7      | Learned a level 4 spell: Hailstorm
  5223 | D:7      | Found a basalt altar of Yredelemnul.
  5483 | D:7      | Reached skill level 5 in Spellcasting
  5607 | D:7      | Found a shattered altar of Ashenzari.
  5767 | D:7      | Found a hide-covered altar of Uskayaw.
  5966 | D:7      | Reached skill level 5 in Summonings
  6226 | D:2      | Killed Sigmund
  6226 | D:2      | Reached XP level 9. HP: 35/52 MP: 12/16
  6451 | D:8      | Noticed Erica
  6468 | D:8      | Killed Erica
  6474 | D:8      | Reached skill level 5 in Fighting
  6780 | D:8      | Found a burning altar of Makhleb.
  6796 | D:8      | Reached skill level 1 in Long Blades
  6974 | D:8      | Noticed Prince Ribbit
  6983 | D:8      | Killed Prince Ribbit
  6983 | D:8      | Reached * piety under Sif Muna
  7020 | D:8      | Reached skill level 2 in Long Blades
  7176 | D:8      | Noticed Harold
  7192 | D:8      | Killed Harold
  7192 | D:8      | Reached skill level 3 in Long Blades
  7469 | D:8      | Reached skill level 1 in Shields
  7589 | D:8      | Reached skill level 1 in Conjurations
  7634 | D:8      | Found a runed translucent door.
  7634 | D:8      | Noticed belegose's ghost (novice BaAs)
  7840 | D:9      | Reached XP level 10. HP: 66/66 MP: 15/17
  8078 | D:9      | Reached skill level 4 in Long Blades
  8119 | D:9      | Found a staircase to the Lair.
  8167 | D:9      | Reached ** piety under Sif Muna
  8294 | D:9      | Learned a level 1 spell: Pain
  8298 | D:9      | Learned a level 3 spell: Vampiric Draining
  8335 | D:9      | Noticed a two-headed ogre
  8345 | D:9      | Killed a two-headed ogre
  8345 | D:9      | Reached skill level 1 in Necromancy
  8437 | D:9      | Got a steaming dagger
  8438 | D:9      | Identified the +1 dagger "zeroc00l's Doom" {vorpal, rN+
                  | Int+3} (You found it on level 9 of the Dungeon)
  8602 | Lair:1   | Entered Level 1 of the Lair of Beasts
  8628 | Lair:1   | Gained mutation: You are frail. (-10% HP) [potion of
                  | mutation]
  8628 | Lair:1   | Gained mutation: Your muscles are strong. (Str +2) [potion
                  | of mutation]
  8730 | Lair:1   | Found a dark tunnel.
  8735 | Lair:1   | Reached skill level 5 in Long Blades
  8752 | Volcano  | Entered a volcano
  8764 | Volcano  | Noticed a toenail golem
  8793 | Volcano  | Killed a toenail golem
  8829 | Volcano  | Noticed a toenail golem
  8829 | Volcano  | Noticed a lindwurm
  8829 | Volcano  | Noticed a lindwurm
  8849 | Volcano  | Killed a toenail golem
  8898 | Volcano  | Reached XP level 11. HP: 27/71 MP: 5/18
  9031 | Volcano  | Reached *** piety under Sif Muna
  9031 | Volcano  | Reached skill level 6 in Long Blades
  9337 | Volcano  | Killed a lindwurm
  9344 | Volcano  | Killed a lindwurm
  9643 | Lair:1   | Reached skill level 5 in Necromancy
  9797 | Lair:1   | Reached skill level 7 in Long Blades
 10520 | Lair:2   | Noticed Fannar
 10884 | Lair:2   | Killed Fannar
 10908 | Lair:2   | Learned a level 5 spell: Metabolic Englaciation
 10957 | Lair:2   | Reached skill level 8 in Long Blades
 10957 | Lair:2   | Reached skill level 1 in Hexes
 11319 | Lair:2   | Reached XP level 12. HP: 48/60 MP: 17/22
 11488 | Lair:2   | Reached skill level 5 in Hexes
 11594 | Lair:2   | Reached **** piety under Sif Muna
 12586 | Lair:3   | Noticed a seven-headed hydra
 12608 | Lair:3   | Killed a seven-headed hydra
 12608 | Lair:3   | Reached skill level 9 in Long Blades
 12619 | Lair:3   | Reached skill level 1 in Invocations
 13035 | Lair:3   | Found a staircase to the Shoals.
 13983 | Lair:4   | Found a gate leading to a gauntlet.
 13991 | Gauntlet | Entered a Gauntlet
 13991 | Gauntlet | Found a transporter.
 14046 | Gauntlet | Found a transporter.
 14049 | Gauntlet | Noticed a blizzard demon
 14066 | Gauntlet | Found a transporter.
 14066 | Gauntlet | Found a transporter.
 14078 | Gauntlet | Found a transporter.
 14098 | Gauntlet | Found a transporter.
 14101 | Gauntlet | Found a transporter.
 14105 | Gauntlet | Found a transporter.
 14107 | Gauntlet | Found a runed translucent door.
 14132 | Gauntlet | Found a runed translucent door.
 14133 | Gauntlet | Found a transporter.
 14134 | Gauntlet | Found a transporter.
 14138 | Gauntlet | Found a transporter.
 14144 | Gauntlet | Noticed a ghost moth
 14144 | Gauntlet | a merfolk changed into a ghost moth
 14149 | Gauntlet | Found a transporter.
 14158 | Gauntlet | Found the ring of the Mage {Wiz MR++ Int+3}
 14178 | Gauntlet | Found a runed translucent door.
 14199 | Gauntlet | Noticed a storm dragon
 14207 | Gauntlet | Noticed a ghost moth
 14207 | Gauntlet | a storm dragon changed into a ghost moth
 14220 | Gauntlet | Noticed an ice dragon
 14233 | Gauntlet | Noticed a fire dragon
 14234 | Gauntlet | Noticed a spark wasp
 14234 | Gauntlet | a fire dragon changed into a spark wasp
 14238 | Gauntlet | a spark wasp changed into a wolf spider
 14240 | Gauntlet | Noticed a satyr
 14240 | Gauntlet | a wolf spider changed into a satyr
 14241 | Gauntlet | a satyr changed into a slime creature
 14242 | Gauntlet | Noticed a fire dragon
 14242 | Gauntlet | a slime creature changed into a fire dragon
 14244 | Gauntlet | Noticed an anaconda
 14244 | Gauntlet | a fire dragon changed into an anaconda
 14249 | Gauntlet | Killed an anaconda
 14249 | Gauntlet | Reached skill level 10 in Long Blades
 14252 | Gauntlet | Got a pair of brightly glowing boots
 14345 | Gauntlet | Identified the cursed +0 pair of boots of a Hundred Wars
                  | {Str+5} (You found it in a Gauntlet)
 14365 | Gauntlet | Got a transparent copper amulet
 14368 | Gauntlet | Identified the amulet "Nextoqukok" {Faith rF++} (You found
                  | it in a Gauntlet)
 14463 | Gauntlet | Noticed a minotaur
 14494 | Gauntlet | Killed a minotaur
 14700 | Lair:1   | Learned a level 5 spell: Agony
 15050 | Lair:4   | Reached XP level 13. HP: 78/81 MP: 21/26
 15089 | Lair:4   | Found a staircase to the Snake Pit.
 15244 | Lair:4   | Reached skill level 1 in Evocations
 15257 | Lair:4   | Reached ***** piety under Sif Muna
 15355 | Lair:4   | Found a blossoming altar of Fedhas.
 15918 | Lair:5   | Noticed Urug
 15936 | Lair:5   | Killed Urug
 16290 | Lair:5   | Identified Sif Muna's Guide on Creation (Sif Muna gifted it
                  | to you on level 5 of the Lair of Beasts)
 16290 | Lair:5   | Received a gift from Sif Muna
 16335 | Lair:5   | Found a staircase to the Slime Pits.
 16349 | Lair:5   | Found a viscous altar of Jiyva.
 17040 | Lair:6   | Entered Level 6 of the Lair of Beasts
 17506 | Lair:6   | Mangled by a spriggan rider

Illustrated notes

Levels and vault maps discovered:
D:1:      ncdulo_smallfort, layout_rooms
D:2:      layout_loops_ring, nemelex_xobeh_ov_fountains_minmay,
          minmay_stone_trees_small, minmay_gold_behind_fungi, uniq_sigmund
D:3:      layout_basic, grunt_qazlal_clouds, zin_treasury
D:4:      layout_cave_pods, first_ration, minmay_increasing_density
D:5:      layout_loops_corners, nrook_mini_vaults
D:6:      layout_loops_ring, nicolae_ru_awakened_eye, minmay_temple_entry_tees,
          basic_altar, minmay_door_square, minivault_14, corexii_checkpoint_a
D:7:      layout_gridville, overflow_temple_1_default, kennysheep_mini_moat,
          marbit_many_paths, okawaru_metal_pillars_1_2
D:8:      layout_gridville, old_standard_altar, gammafunk_ghost_grave,
          uniq_prince_ribbit1, uniq_harold, uniq_erica
D:9:      layout_roguey, grunt_lair_entry_orc_guard_hut
Temple:   nicolae_temple_figure_eight
Lair:1:   layout_concentric_octagons, enter_volcano_3, beast_lair_carwin_3
Lair:2:   layout_small_grid, lemuel_fruit_fields, uniq_fannar
Lair:3:   layout_cave_pods, elwin_shoals_entry_stream
Lair:4:   layout_cave_pods, dummy_snake_entry, gauntlet_entry_generic,
          lemuel_centaur_altar, grunt_megastairs_2
Lair:5:   layout_cave_shapes, slime_altar_1, minivault_25, uniq_urug
Lair:6:   minmay_lair_end_enchanted_forest, layout_loops_ring,
          gammafunk_ghost_necromancy

Skill      XL: |  1  2  3  4  5  6  7  8  9 10 11 12 13 |
---------------+----------------------------------------+-----
Dodging        | 3 4 5 6 7 |  7.4
Ice Magic      | 5 6 8 |  8.0
Charms         | 1 2 3 |  3.1
Fighting       | 1 2 3 4 5 |  5.0
Spellcasting   | 3 4 5 7 9 |  9.5
Summonings     | 2 5 7 |  7.0
Long Blades    | 3 5 8 10 | 10.9
Shields        | 2 4 |  4.0
Conjurations   | 1 4 |  4.0
Necromancy     | 4 5 8 |  8.0
Hexes          | 4 6 |  6.0
Invocations    | 4 |  4.0
Evocations     | 3 |  3.4
Stealth        | |  3.0

Action                   |  1- 3 |  4- 6 |  7- 9 | 10-12 | 13-15 || total
-------------------------+-------+-------+-------+-------+-------++-------
Melee: Unarmed           |     4 |       |       |       |       ||     4
       Dagger            |    32 |       |       |       |       ||    32
       Bite              |     5 |     2 |    15 |    15 |     7 ||    44
       Short sword       |     1 |    19 |       |       |       ||    20
       Falchion          |       |    10 |    47 |       |       ||    57
       Morningstar       |       |       |    60 |       |       ||    60
       Scimitar          |       |       |    32 |   116 |    24 ||   172
       Staff             |       |       |       |     4 |       ||     4
Throw: Dart              |       |     4 |    17 |   101 |    45 ||   167
       Javelin           |       |       |       |       |     2 ||     2
 Cast: Freeze            |    42 |    43 |   103 |   173 |    78 ||   439
       Frozen Ramparts   |     3 |     6 |    11 |    56 |    14 ||    90
       Summon Ice Beast  |       |       |     9 |    33 |    15 ||    57
       Ozocubu's Armour  |       |       |     3 |    15 |     7 ||    25
       Pain              |       |       |       |    18 |    18 ||    36
       Hailstorm         |       |       |       |    18 |     4 ||    22
       Vampiric Draining |       |       |       |    11 |       ||    11
       Metabolic Englaci |       |       |       |     1 |     1 ||     2
Invok: Channel Magic     |       |       |       |     1 |       ||     1
 Abil: Exsanguinate      |       |       |     1 |     1 |       ||     2
       Revivify          |       |       |     1 |     1 |       ||     2
Evoke: Wand              |       |       |     2 |    15 |     4 ||    21
  Use: Scroll            |       |     2 |     8 |    14 |     4 ||    28
       Potion            |       |       |       |    13 |       ||    13
 Stab: Sleeping          |     9 |     2 |     7 |     3 |       ||    21
       Paralysed         |       |       |     1 |       |       ||     1
       Distracted        |       |       |       |     1 |       ||     1
Armor: Robe              |     7 |       |       |       |       ||     7
       Leather armour    |       |     7 |    39 |    62 |    45 ||   153
Dodge: Dodged            |    44 |    49 |   239 |   235 |   131 ||   698
Block: Buckler           |       |       |    11 |    90 |    50 ||   151
       Rpst.: Falchion   |       |     7 |    18 |       |       ||    25
       Scimitar          |       |       |    17 |    45 |    17 ||    79
